 Dungeon Sprint DCSS version 0.30-a0-918-g0ff054e9dc (webtiles) character file.

Game seed: 1221711474118355229

162 Rocko1345 the Thaumaturge (level 8, -2/65 HPs)
             Began as a Gnoll Wanderer on Mar 20, 2023.
             Was a Priest of Okawaru.
             Slain by a naga warlord
             ... wielding a +0 dire flail
              (18 damage)
             ... in the Dungeon (Sprint VI: "Thunderdome").
             The game lasted 00:07:19 (644 turns).

Rocko1345 the Thaumaturge (Gnoll Wanderer)           Turns: 644, Time: 00:07:19

Health: -2/65      AC: 11    Str: 14    XL:     8   Next: 8%
Magic:  16/21      EV: 17    Int: 13    God:    Okawaru [***...]
Gold:   126        SH:  5    Dex: 17    Spells: 25/26 levels left

rFire   + . .      SeeInvis .    h - +3 flail (freeze)
rCold   + + .      Faith    .    (no shield)
rNeg    . . .      Spirit   .    b - +0 scale mail
rPois   +          Reflect  +    (no helmet)
rElec   +          Rampage  .    (no cloak)
rCorr   +          NoTele   +    q - +0 pair of gloves
Will    .....                    (no boots)
Stlth   ++++                     n - amulet of Gayves {Reflect rElec rC+ SH+5}
HPRegen 0.30/turn                o - ring "Xuilo" {Wiz Dex+5}
MPRegen 0.17/turn                p - ring "Ceasugea" {rCorr EV+5 Str+2}

@: resistant, heroic, constricted
A: fangs 1, strong nose, distributed training
a: Renounce Religion, Heroism


You were in the Dungeon.
You worshipped Okawaru.
Okawaru was most pleased with you.
You visited 1 branch You collected 420 gold pieces.
You spent 294 gold pieces at shops.

Inventory:

Hand Weapons
 a - a +2 spear
 h - a +3 flail of freezing (weapon)
 r - a +4 short sword
Missiles
 l - 2 poisoned darts
Armour
 b - a +0 scale mail (worn)
 q - a +0 pair of gloves (worn)
Jewellery
 n - the amulet of Gayves (around neck) {Reflect rElec rC+ SH+5}
   (You bought it in a shop in the Dungeon)

   [amulet of reflection]

   It reflects blocked missile attacks.
   rC:        It protects you from cold.
   rElec:     It insulates you from electricity.
   SH:        It affects your SH (+5).
 o - the ring "Xuilo" (left hand) {Wiz Dex+5}
   (You bought it in a shop in the Dungeon)

   [ring of wizardry]

   It improves your spell success rate.
   Dex:       It affects your dexterity (+5).
 p - the ring "Ceasugea" (right hand) {rCorr EV+5 Str+2}
   (You bought it in a shop in the Dungeon)

   [ring of evasion]

   EV:        It affects your evasion (+5).
   Str:       It affects your strength (+2).
   rCorr:     It protects you from acid and corrosion.
Wands
 k - a wand of quicksilver (5)
Scrolls
 c - a scroll of teleportation
 i - 4 scrolls of blinking
 m - 3 scrolls of fog
Potions
 d - a potion of curing
 f - 4 potions of haste
 g - 2 potions of magic


   Skills:
 + Level 6.9(11.9) Fighting
 + Level 6.3(11.3) Short Blades
 + Level 6.3(11.3) Long Blades
 + Level 6.3(11.3) Axes
 + Level 6.3(11.3) Maces & Flails
 + Level 9.2(14.2) Polearms
 + Level 6.3(11.3) Staves
 + Level 6.3(11.3) Ranged Weapons
 + Level 6.3(11.3) Throwing
 + Level 7.9(12.9) Armour
 + Level 6.3(11.3) Dodging
 + Level 6.3(11.3) Stealth
 + Level 6.3(11.3) Shields
 + Level 6.3(11.3) Unarmed Combat
 + Level 9.6 Spellcasting
 + Level 5.2 Conjurations
 + Level 5.2 Hexes
 + Level 5.2 Summonings
 + Level 5.2 Necromancy
 + Level 5.2 Translocations
 + Level 5.2 Transmutations
 + Level 5.2 Fire Magic
 + Level 5.2 Ice Magic
 + Level 5.2 Air Magic
 + Level 5.2 Earth Magic
 + Level 5.2 Poison Magic
 + Level 7.0 Invocations
 + Level 6.9 Evocations


You had 25 spell levels left.
You knew the following spells:

 Your Spells              Type           Power      Damage    Failure   Level
a - Foxfire               Conj/Fire      80%        2x1d8     1%          1

Your spell library contained the following spells:

 Spells                   Type           Power      Damage    Failure   Level
 Ignite Poison            Fire/Tmut/Pois 20%        N/A       4%          3


Dungeon Overview and Level Annotations

Branches:
Dungeon (1/1)

Altars:
Cheibriados
Dithmenos
Fedhas
Gozag
Kikubaaqudgha
Makhleb
Okawaru
Qazlal
Ru
Sif Muna
Trog
Uskayaw
Vehumet
Wu Jian
Xom
Yredelemnul
Zin
The Shining One
Lugonu

Shops:
D *[??*?*:[((!!!!


Innate Abilities, Weirdness & Mutations

You have very sharp teeth.
Your uncanny sense of smell can sniff out nearby items.
Your experience applies equally to all skills.


Message History

You are no longer poisoned.
The anaconda bites you but does no damage.
The anaconda constricts you. You block the anaconda's attack.
The anaconda constricts you.
The naga warlord hits you with a +0 dire flail!
You feel much better. The anaconda misses you. The anaconda constricts you.
The anaconda bites you. The anaconda constricts you.
The naga warlord hits you with a +0 dire flail.
You feel protected. You block the anaconda's attack.
The anaconda constricts you. The anaconda bites you.
The anaconda constricts you. The naga warlord spits poison at you.
The splash of poison hits you. You resist.
You thump the naga warlord! You freeze the naga warlord.
You punch the naga warlord.
You bite the naga warlord, but do no damage.
The naga warlord is moderately wounded.
The anaconda bites you! The anaconda constricts you.
The naga warlord hits you with a +0 dire flail!
Unknown command.
You hit the naga warlord but do no damage.
The naga warlord is moderately wounded.
The anaconda barely misses you. The anaconda constricts you.
The anaconda bites you.
* * * LOW HITPOINT WARNING * * *
The anaconda constricts you.
* * * LOW HITPOINT WARNING * * *
You hit the naga warlord. You freeze the naga warlord.
The naga warlord is moderately wounded.
You block the anaconda's attack. The anaconda constricts you.
* * * LOW HITPOINT WARNING * * *
The naga warlord hits you with a +0 dire flail!
* * * LOW HITPOINT WARNING * * *
Unknown command.
You feel much better. The anaconda bites you!
* * * LOW HITPOINT WARNING * * *
The anaconda constricts you.
* * * LOW HITPOINT WARNING * * *
The naga warlord hits you with a +0 dire flail!!
You die...

#........_# #_......._#
###.........###
#⌠...........⌠#
######.8.........8.###
##.___[.....###......_.
###∩........8.# #.8......
##.............###........
#⌠.......@..###...###.....
#⌠.......NS.# #.<.# #.....
#⌠.....[....###...###.....
##.............###........
###∩....)...8.# #.8......
##∩___...)..###......__
######.8)........8.###
#⌠..)........⌠#
###.......[.###


You could see a naga warlord and an anaconda.

Vanquished Creatures
  A kobold demonologist (D)
  A phantom (D)
  2 kobold brigands (D)
  A necrophage (D)
  2 wights (D)
  7 vampire bats (D)
  2 ball pythons (D)
  A bat (D)
  A bat skeleton (D)
  A goblin (D)
  4 kobolds (D)
23 creatures vanquished.

Vanquished Creatures (others)
  29 foxfires (D)
29 creatures vanquished.

Grand Total: 52 creatures vanquished

Notes
Turn   | Place    | Note
-------+----------+-------------------------------------------
     0 | D        | Rocko1345 the Gnoll Wanderer began the quest for the Orb.
     0 | D        | Rocko1345 set off with the following items: a +2 spear, a
                  | +0 scale mail, a scroll of teleportation, a potion of
                  | curing, a potion of heal wounds, a potion of haste, 2
                  | potions of magic, a potion of berserk rage, a scroll of
                  | blinking; and the following spell memorised: Foxfire; and
                  | the following spells available to memorise: Ignite Poison.
     0 | D        | Reached XP level 1. HP: 17/17 MP: 8/8
     4 | D        | Found a basalt altar of Yredelemnul.
     4 | D        | Found a shimmering altar of Xom.
     5 | D        | Found a glowing silver altar of Zin.
     5 | D        | Round 1.
     6 | D        | Found a snail-covered altar of Cheibriados.
     6 | D        | Found an iron altar of Okawaru.
     7 | D        | Found a burning altar of Makhleb.
     7 | D        | Found a bloodstained altar of Trog.
     7 | D        | Found Naikhlue's Identification Station.
     8 | D        | Found Nisiss's Jewellery.
     8 | D        | Found Haprisi's Advanced Armour.
    16 | D        | Found a radiant altar of Vehumet.
    18 | D        | Found a corrupted altar of Lugonu.
    21 | D        | Found a shimmering blue altar of Sif Muna.
    22 | D        | Found Iqego's Premium Goods.
    23 | D        | Found an ancient bone altar of Kikubaaqudgha.
    23 | D        | Found an opulent altar of Gozag.
    23 | D        | Found Luodas's Weapon Rack.
    24 | D        | Found Moymam's Miscellaneous Merchandise.
    24 | D        | Found Xut Adgh's Basic Armour.
    31 | D        | Found a shadowy altar of Dithmenos.
    39 | D        | Reached skill level 1 in Invocations
    41 | D        | Reached skill level 1 in Short Blades
    41 | D        | Reached skill level 1 in Long Blades
    41 | D        | Reached skill level 1 in Axes
    41 | D        | Reached skill level 1 in Maces & Flails
    41 | D        | Reached skill level 1 in Staves
    41 | D        | Reached skill level 1 in Ranged Weapons
    41 | D        | Reached skill level 1 in Throwing
    41 | D        | Reached skill level 1 in Dodging
    41 | D        | Reached skill level 1 in Stealth
    41 | D        | Reached skill level 1 in Shields
    41 | D        | Reached skill level 1 in Unarmed Combat
    93 | D        | Arena points: 12 (+12) [x2]
   128 | D        | Bought a serpentine tin amulet for 45 gold pieces
   128 | D        | Identified the amulet of Gayves {Reflect rElec rC+ SH+5}
                  | (You bought it in a shop in the Dungeon)
   128 | D        | Bought a scorched turquoise ring for 45 gold pieces
   128 | D        | Identified the ring "Xuilo" {Wiz Dex+5} (You bought it in a
                  | shop in the Dungeon)
   128 | D        | Bought a slimy lead ring for 45 gold pieces
   128 | D        | Identified the ring "Ceasugea" {rCorr EV+5 Str+2} (You
                  | bought it in a shop in the Dungeon)
   154 | D        | Became a worshipper of Warmaster Okawaru
   157 | D        | Round 2.
   162 | D        | Found Sacsivu's Magic Scroll Shop.
   162 | D        | Noticed a wight
   163 | D        | Found a sacrificial altar of Ru.
   163 | D        | Found a stormy altar of Qazlal.
   163 | D        | Found a hide-covered altar of Uskayaw.
   163 | D        | Found Ikhamakh's Staff Store.
   182 | D        | Killed a wight
   182 | D        | Reached * piety under Okawaru
   183 | D        | Reached skill level 5 in Armour
   183 | D        | Reached XP level 2. HP: 24/24 MP: 5/10
   183 | D        | Reached XP level 3. HP: 29/29 MP: 6/12
   183 | D        | Reached XP level 4. HP: 36/36 MP: 6/13
   228 | D        | Found Egacunaw's Magic Scroll Shop.
   228 | D        | Found Yponac's Must-Have Magic.
   246 | D        | Found a blossoming altar of Fedhas.
   250 | D        | Found Ympeof's Distillery.
   250 | D        | Found Gyhuobet's Distillery.
   251 | D        | Found Essi's Bottled Wisdom.
   257 | D        | Found Maokk's Do-It-Yourself Clinic.
   257 | D        | Found a glowing golden altar of the Shining One.
   257 | D        | Found an ornate altar of the Wu Jian Council.
   283 | D        | Noticed a necrophage
   292 | D        | Noticed a phantom
   302 | D        | Killed a necrophage
   302 | D        | Reached ** piety under Okawaru
   303 | D        | Reached XP level 5. HP: 26/43 MP: 13/15
   308 | D        | Killed a phantom
   309 | D        | Reached skill level 5 in Fighting
   309 | D        | Reached skill level 5 in Evocations
   309 | D        | Reached XP level 6. HP: 22/51 MP: 15/17
   336 | D        | Arena points: 24 (+12) [x1]
   351 | D        | Round 3.
   369 | D        | Bought a +0 pair of gloves for 54 gold pieces
   392 | D        | Noticed a kobold demonologist
   395 | D        | Reached skill level 5 in Invocations
   395 | D        | Noticed a red devil
   397 | D        | Noticed a chaos spawn
   397 | D        | Killed a kobold demonologist
   398 | D        | Reached skill level 5 in Short Blades
   398 | D        | Reached skill level 5 in Long Blades
   398 | D        | Reached skill level 5 in Axes
   398 | D        | Reached skill level 5 in Maces & Flails
   398 | D        | Reached skill level 5 in Staves
   398 | D        | Reached skill level 5 in Ranged Weapons
   398 | D        | Reached skill level 5 in Throwing
   398 | D        | Reached skill level 5 in Dodging
   398 | D        | Reached skill level 5 in Stealth
   398 | D        | Reached skill level 5 in Shields
   398 | D        | Reached skill level 5 in Unarmed Combat
   398 | D        | Reached XP level 7. HP: 53/58 MP: 17/19
   423 | D        | Arena points: 66 (+42) [x2]
   459 | D        | Bought 3 potions of heal wounds for 105 gold pieces
   489 | D        | Round 4.
   502 | D        | Reached *** piety under Okawaru
   524 | D        | Reached skill level 5 in Conjurations
   524 | D        | Reached skill level 5 in Hexes
   524 | D        | Reached skill level 5 in Summonings
   524 | D        | Reached skill level 5 in Necromancy
   524 | D        | Reached skill level 5 in Translocations
   524 | D        | Reached skill level 5 in Transmutations
   524 | D        | Reached skill level 5 in Fire Magic
   524 | D        | Reached skill level 5 in Ice Magic
   524 | D        | Reached skill level 5 in Air Magic
   524 | D        | Reached skill level 5 in Earth Magic
   524 | D        | Reached skill level 5 in Poison Magic
   582 | D        | Reached XP level 8. HP: 64/65 MP: 21/21
   596 | D        | Arena points: 162 (+96) [x3]
   622 | D        | Round 5.
   623 | D        | Noticed a naga warlord
   627 | D        | Noticed an anaconda
   643 | D        | HP: 2/65 [naga warlord/+0 dire flail (11)]
   644 | D        | Slain by a naga warlord

Illustrated notes

Levels and vault maps discovered:
D:        arena_sprint

Skill      XL: |  1  2  3  4  5  6  7  8 |
---------------+-------------------------+-----
Invocations    | 2 4 6 7 |  7.0
Short Blades   | 2 3 4 5 6 |  6.3
Long Blades    | 2 3 4 5 6 |  6.3
Axes           | 2 3 4 5 6 |  6.3
Maces & Flails | 2 3 4 5 6 |  6.3
Staves         | 2 3 4 5 6 |  6.3
Ranged Weapons | 2 3 4 5 6 |  6.3
Throwing       | 2 3 4 5 6 |  6.3
Dodging        | 2 3 4 5 6 |  6.3
Stealth        | 2 3 4 5 6 |  6.3
Shields        | 2 3 4 5 6 |  6.3
Unarmed Combat | 2 3 4 5 6 |  6.3
Fighting       | 3 4 5 6 |  6.9
Polearms       | 7 8 9 |  9.2
Armour         | 5 6 7 |  7.9
Conjurations   | 2 3 4 5 |  5.2
Hexes          | 2 3 4 5 |  5.2
Summonings     | 2 3 4 5 |  5.2
Necromancy     | 2 3 4 5 |  5.2
Translocations | 2 3 4 5 |  5.2
Transmutations | 2 3 4 5 |  5.2
Fire Magic     | 2 3 4 5 |  5.2
Ice Magic      | 2 3 4 5 |  5.2
Air Magic      | 2 3 4 5 |  5.2
Earth Magic    | 2 3 4 5 |  5.2
Poison Magic   | 2 3 4 5 |  5.2
Evocations     | 3 4 5 6 |  6.9
Spellcasting   | 8 9 |  9.6

Action                     |  1- 3 |  4- 6 |  7- 9 || total
---------------------------+-------+-------+-------++-------
  Melee: Spear             |    11 |       |       ||    11
         Bite              |     2 |     3 |     3 ||     8
         Flail             |       |    30 |    37 ||    67
         Punch             |       |     1 |     1 ||     2
   Cast: Foxfire           |     8 |       |     9 ||    17
 Invoke: Heroism           |       |       |     1 ||     1
  Evoke: Wand              |       |     5 |       ||     5
    Use: Potion            |     3 |       |     6 ||     9
 Armour: Scale mail        |     2 |    13 |     7 ||    22
  Dodge: Dodged            |     6 |    15 |    40 ||    61
  Block: Other             |       |     4 |    14 ||    18

Table legend: (Time is in decaauts)
 A = Elapsed time spent in this place.
 B = Non-inter-level travel time spent in this place.
 C = Inter-level travel time spent in this place.
 D = Time resting spent in this place.
 E = Time spent auto-exploring this place.
 F = Levels seen in this place.
 G = Mean time per level.
                   A        B        C        D        E       F      G
               +--------+--------+--------+--------+--------+-----+--------+
         Total |    656 |    652 |      4 |     69 |    116 |   1 |  656.0 |
       Dungeon |    656 |    652 |      4 |     69 |    116 |   1 |  656.0 |
               +--------+--------+--------+--------+--------+-----+--------+

Top non-repeatable levels by time:
       D: 656 daAuts
